Map: Jagannatha LE

Players

DPGDark (Dark) - Winner!

  • Race: Zerg Zerg
  • League: Master

Zoun

  • Race: Protoss Protoss

Event: TSL 7

VOD

Have the link to the VOD?

Description

Time

  • Played on: June 12, 2021, 9:34 a.m.
  • Length: 8:59

All games in this series

Show
View Real Time Build Order
Export as new Build Order

DPGDark Zerg - Winner!

Build Orders: Hatch First 

Get SALT Encoding   

  12  0:00  Drone  
  13  0:12  Overlord  
  13  0:16  Drone  
  14  0:30  Drone x2  
  16  0:37  Drone  
  17  0:49  Drone  
  18  0:55  Hatchery  
  17  0:59  Drone  
  17  1:03  Extractor  
  17  1:14  Spawning Pool  
  17  1:17  Drone  
  17  1:20  Drone  
  18  1:28  Drone  
  19  1:38  Drone  
  20  1:49  Hatchery  
  19  1:55  Drone  
  21  2:01  Drone  
  21  2:03  Metabolic Boost  
  21  2:07  Zergling x2  
  22  2:13  Drone  
  23  2:18  Queen  
  25  2:24  Overlord  
  25  2:28  Drone  
  26  2:30  Drone  
  27  2:37  Drone  
  29  2:44  Drone x2  
  29  2:49  Queen  
  32  2:54  Drone  
  32  2:55  Drone  
  32  2:57  Queen  
  36  3:04  Queen  
  38  3:06  Drone  
  38  3:08  Drone  
  38  3:10  Drone  
  41  3:14  Zergling x2  
  41  3:17  Overlord  
  42  3:22  Spore Crawler  
  42  3:25  Roach Warren  
  42  3:26  Drone  
  41  3:30  Drone  
  42  3:35  Drone  
  42  3:36  Drone x3  
  42  3:37  Drone  
  47  3:41  Extractor  
  47  3:44  Overlord  
  47  3:46  Drone  
  47  3:47  Drone  
  48  3:55  Drone x2  
  50  4:00  Overlord  
  50  4:05  Roach x3  
  50  4:06  Overlord  
  56  4:11  Drone x2  
  56  4:13  Overlord  
  56  4:16  Zergling x2, Spore Crawler  
  58  4:18  Zergling x2, Spore Crawler  
  58  4:21  Zergling x2  
  59  4:25  Ravager x2  
  59  4:27  Zergling x6  
  64  4:33  Ravager  
  64  4:34  Zergling x6  
  66  4:40  Drone x5  
  68  4:49  Drone  
  68  4:50  Extractor  
  68  4:55  Queen, Overlord  
  68  4:56  Drone x2  
  72  5:00  Roach x2  
  72  5:03  Roach  
  72  5:06  Roach  
  72  5:07  Roach  
  81  5:18  Zergling x14  
  81  5:21  Ravager  
  89  5:33  Overlord x5  
  89  5:40  Spine Crawler  
  89  5:43  Ravager x2  
  89  5:47  Spine Crawler x2, Ravager  
  89  5:53  Zergling x12  
  89  5:55  Ravager  
  88  6:18  Zergling x30  
  90  6:22  Roach  
  94  6:26  Lair  
  94  6:27  Zergling x2  
  93  6:33  Zergling x4  
  93  6:38  Roach x3  
  99  6:40  Roach  
  99  6:41  Roach  
  89  6:56  Roach x2  
  89  6:57  Zergling x2  
  89  6:58  Zergling x8  
  89  7:00  Roach  
  92  7:05  Queen  
  92  7:06  Drone  
  95  7:08  Drone  
  95  7:10  Drone  
  95  7:11  Drone x2  
  99  7:25  Drone x3  
  99  7:26  Glial Reconstitution  
  99  7:29  Spire  
  101  7:31  Zergling x4  
  101  7:36  Ravager  
  101  7:37  Ravager x3  
  106  7:38  Zergling x6  
  109  7:46  Extractor, Zergling x4  
  109  7:51  Overlord  
  110  7:52  Zergling x2  
  110  8:05  Roach  
  97  8:06  Roach x5  
  97  8:07  Zergling x2, Roach  
  97  8:11  Zergling x4  
  101  8:22  Zergling x2  
  101  8:23  Zergling x8  
  101  8:25  Zergling x2  
  101  8:26  Zergling x4  
  111  8:28  Roach  
Show
View Real Time Build Order
Export as new Build Order

Zoun Protoss 

Build Orders: 1 Gate Expand, Colossus Rush 

Get SALT Encoding   

  12  0:00  Probe  
  13  0:12  Probe  
  14  0:20  Pylon  
  14  0:24  Probe  
  15  0:38  Probe (Chrono Boost)  
  15  0:39  Gateway  
  16  0:47  Probe (Chrono Boost)  
  16  0:49  Assimilator  
  17  0:52  Probe (Chrono Boost)  
  18  1:04  Probe  
  19  1:16  Probe  
  20  1:26  Nexus  
  20  1:35  Cybernetics Core  
  20  1:38  Probe  
  21  1:45  Assimilator  
  21  1:50  Probe  
  22  1:54  Pylon  
  22  2:02  Probe  
  23  2:09  Stalker (Chrono Boost)  
  23  2:11  Warp Gate  
  23  2:15  Probe  
  26  2:26  Robotics Facility  
  26  2:27  Probe  
  27  2:32  Adept  
  29  2:39  Probe (Chrono Boost)  
  29  2:43  Probe (Chrono Boost)  
  31  2:50  Probe (Chrono Boost)  
  32  2:52  Probe (Chrono Boost)  
  32  2:55  Probe (Chrono Boost)  
  34  2:58  Probe  
  34  2:59  Gateway  
  35  3:07  Probe  
  36  3:13  Robotics Bay  
  36  3:15  Probe  
  37  3:20  Warp Prism  
  37  3:25  Adept  
  41  3:28  Probe  
  41  3:29  Probe  
  41  3:33  Pylon  
  43  3:43  Probe x2  
  43  3:45  Assimilator  
  45  3:51  Pylon  
  45  3:57  Probe x2, Disruptor (Chrono Boost)  
  45  4:01  Gravitic Drive  
  50  4:04  Adept x2  
  54  4:12  Probe x2  
  56  4:18  Gateway x2  
  56  4:24  Disruptor (Chrono Boost)  
  56  4:30  Pylon  
  56  4:31  Probe  
  60  4:32  Assimilator  
  60  4:33  Probe  
  62  4:48  Pylon  
  62  4:49  Colossus (Chrono Boost)  
  69  4:58  Gateway  
  67  5:00  Gateway  
  67  5:02  Gateway  
  67  5:06  Gateway  
  67  5:07  Sentry  
  67  5:11  Probe  
  70  5:15  Shield Battery  
  70  5:16  Pylon  
  70  5:20  Sentry x2  
  74  5:33  Stalker x2  
  74  5:35  Observer  
  78  5:39  Pylon  
  79  5:47  Stalker  
  79  5:48  Stalker  
  83  5:50  Pylon  
  81  6:13  Stalker  
  81  6:14  Stalker x5  
  73  6:30  Zealot x2  
  75  6:37  Stalker x5  
  75  6:38  Zealot  
  87  6:41  Observer  
  87  6:59  Stalker x3  
  67  7:04  Stalker x3  
  67  7:09  Stalker  
  69  7:17  Zealot  
  71  7:27  Zealot x5  
  81  7:33  Zealot  
  83  7:48  Stalker x4  
  83  7:50  Sentry  
  93  7:51  Sentry  
  93  7:53  Stalker  
  93  7:56  Stalker  
  64  8:23  Stalker x3  
  64  8:24  Stalker x3  
  64  8:26  Stalker  
Tags
 
Add a new tag
Caveats
  • Supply blocks, unpowered buildings, or Contaminate may cause inaccurate times.
  • Supply counts are checked every 10 seconds.